 Dungeon Crawl Stone Soup version 0.30.1-3-gfc49f6343a (webtiles) character file.

Game seed: 18043973825727363966

60 spardeous the Conjurer (level 3, -2/26 HPs)
             Began as a Demigod Conjurer on July 28, 2023.
             Killed from afar by an orc wizard (9 damage)
             ... with a puff of flame
             ... on level 3 of the Dungeon.
             The game lasted 00:02:19 (2389 turns).

spardeous the Conjurer (Demigod Conjurer)           Turns: 2389, Time: 00:02:19

Health: -2/26      AC:  4    Str:  8    XL:     3   Next: 57%
Magic:  1/8        EV: 11    Int: 24    God:
Gold:   108        SH:  0    Dex: 12    Spells: 4/5 levels left

rFire   . . .        h - +1 short sword (venom)
rCold   . . .        (no shield)
rNeg    . . .        j - +0 leather armour
rPois   .            i - +0 helmet
rElec   .            (no cloak)
rCorr   .            (no gloves)
SInv    .            (no boots)
Will    +....        (no amulet)
Stlth   ++           o - ring of willpower
HPRegen 0.24/turn    (no ring)
MPRegen 0.11/turn

%: no passive effects
@: no status effects
A: high MP 1, forlorn, divine attributes
a: no special abilities


You were on level 3 of the Dungeon.
You visited 1 branch of the dungeon, and saw 3 of its levels.

You collected 108 gold pieces.

Inventory:

Hand Weapons
 c - a +0 spear
 h - a +1 short sword of venom (weapon)
Armour
 a - a +0 robe
 i - a +0 helmet (worn)
 j - a +0 leather armour (worn)
Jewellery
 o - a ring of willpower (left hand)
Scrolls
 d - a scroll of immolation {unknown}
 e - a scroll of vulnerability {unknown}
 f - a scroll of poison {unknown}
 g - a scroll of blinking {unknown}
 k - 2 scrolls of identify {unknown}
 l - 3 scrolls of noise {unknown}
 q - a scroll of teleportation {unknown}
 t - 2 scrolls of acquirement {unknown}
Potions
 b - a potion of magic
 m - a potion of brilliance {unknown}
 n - a potion of haste {unknown}
 p - a potion of degeneration {unknown}
 r - 2 potions of curing {unknown}
 s - a potion of berserk rage {unknown}


   Skills:
 - Level 1.7 Dodging
 - Level 1.7 Stealth
 + Level 1.9 Spellcasting
 + Level 5.0 Conjurations


You had 4 spell levels left.
You knew the following spells:

 Your Spells              Type           Power      Damage    Failure   Level
a - Magic Dart            Conj           100%       1d8       2%          1

Your spell library contained the following spells:

 Spells                   Type           Power      Damage    Failure   Level
 Searing Ray              Conj           52%        2d6       3%          2
 Dazzling Flash           Conj/Hex       28%        N/A       19%         3
 Portal Projectile        Hex/Tloc       4%         N/A       47%         3
 Tukima's Dance           Hex            2%         N/A       47%         3
 Volatile Blastmotes      Fire/Tloc      4%         2d10      47%         3
 Fulminant Prism          Conj/Hex       7%         3d6       54%         4
 Iskenderun's Mystic Bla  Conj/Tloc      14%        2d5       54%         4
 Cause Fear               Hex            1%         N/A       87%         4
 Blade Hands              Tmut           1%         N/A       99%         5
 Lee's Rapid Deconstruct  Erth           1%         3d4*      99%         5
 Dragon Form              Tmut           1%         N/A       100%        7
 Dragon's Call            Summ           1%         N/A       100%        9


Dungeon Overview and Level Annotations

Branches:
Dungeon (3/15)

Shops:
D:1 ??


Innate Abilities, Weirdness & Mutations

You have an increased reservoir of magic. (+10% MP)
You shall have no god before yourself.
Your divine heritage dramatically boosts your attributes as you level up.


Message History

An orc wizard is nearby!
Casting: Magic Dart (safe; 2% risk of failure)
Confirm with . or Enter, or press ? or * to list all spells.
You don't have enough magic to cast this spell.
You are too injured to fight recklessly!
An orc wizard is nearby!
Casting: Magic Dart (safe; 2% risk of failure)
Confirm with . or Enter, or press ? or * to list all spells.
You don't have enough magic to cast this spell.
You are too injured to fight recklessly!
An orc wizard is nearby!
Casting: Magic Dart (safe; 2% risk of failure)
Confirm with . or Enter, or press ? or * to list all spells.
You don't have enough magic to cast this spell.
You are too injured to fight recklessly!
An orc wizard is nearby!
Casting: Magic Dart (safe; 2% risk of failure)
Confirm with . or Enter, or press ? or * to list all spells.
You don't have enough magic to cast this spell.
You are too injured to fight recklessly!
You are too injured to fight recklessly!
You are too injured to fight recklessly!
You barely miss the orc wizard.
The orc wizard is almost dead.
The orc wizard points at you and mumbles some strange words.
The magic dart hits you!
* * * LOW HITPOINT WARNING * * *
You take 7 damage, and have 9/26 hp.
MASSIVE DAMAGE!!
You hit the orc wizard but do no damage.
The orc wizard is poisoned.
The orc wizard is almost dead.
The orc wizard hits you with a +0 dagger.
* * * LOW HITPOINT WARNING * * *
You take 3 damage, and have 6/26 hp.
You closely miss the orc wizard.
The orc wizard is almost dead.
The orc wizard hits you but does no damage.
The orc wizard points at you and mumbles some strange words.
The puff of flame hits you!
You die...

#.##..#.##### #
#.....#.....# ###
###.#.#####.# ..#### #.
.# #.# .....###
#########.# #..o...##
.#.......#
#.#.....#####..#.#######
####...........#.#
##........# #@#
###..#######.#
###......o.# ##########


You could see an orc wizard (very poisoned).

Vanquished Creatures
  An adder (D:2)
  A dart slug (D:1)
  2 orcs (D:3)
  3 ball pythons (D:2)
  2 endoplasms
  2 giant cockroaches (D:1)
  4 goblins
  6 hobgoblins
  3 jackals (D:1)
  3 quokkas
  4 bats (D:1)
  4 frilled lizards
  4 kobolds
  6 rats
45 creatures vanquished.

Notes
Turn   | Place    | Note
-------+----------+-------------------------------------------
     0 | D:1      | spardeous the Demigod Conjurer began the quest for the Orb.
     0 | D:1      | Reached XP level 1. HP: 14/14 MP: 5/5
    30 | D:1      | Found Sizogooh's Magic Scroll Shop.
   185 | D:1      | Reached skill level 4 in Conjurations
   227 | D:1      | Reached XP level 2. HP: 20/20 MP: 1/7
   613 | D:1      | Found Noetiytz's Magic Scroll Boutique.
  1391 | D:2      | Reached XP level 3. HP: 26/26 MP: 6/8
  2315 | D:3      | Reached skill level 5 in Conjurations
  2389 | D:3      | Killed from afar by an orc wizard

Illustrated notes

Levels and vault maps discovered:
D:1:      amcnicky_arrival_flooded_fountain, layout_basic, serial_shops, shop,
          shop, kennysheep_nondescript, minmay_misc_feat_room,
          dreamdust_princess_bridge
D:2:      layout_rooms, hellmonk_ecumenical_altar_inner_sanctum,
          minmay_misc_feat_more_columns, nicolae_kite_square_tiling_tiny
D:3:      layout_basic, nicolae_tso_carved_into_rock, serial_shops, shop,
          nicolae_half_adder

Skill      XL: |  1  2  3 |
---------------+----------+-----
Conjurations   | 4 5 |  5.0
Dodging        | |  1.7
Stealth        | |  1.7
Spellcasting   | |  1.9

Action                     || total
---------------------------++-------
  Melee: Spear             ||    16
         Short sword       ||     3
   Cast: Magic Dart        ||    99
 Armour: Robe              ||     1
         Leather armour    ||     1
  Dodge: Dodged            ||     8
